 Dungeon Crawl Stone Soup version 0.29-a0-72-g1732ff48e7 (webtiles) character file.

Game seed: 14488790559579022644

162 lunkers the Digger (level 5, -1/35 HPs)
             Began as a Formicid Earth Elementalist on Feb 3, 2022.
             Slain by an orc (5 damage)
             ... on level 4 of the Dungeon.
             The game lasted 00:04:29 (3108 turns).

lunkers the Digger (Formicid Earth Elementalist)    Turns: 3108, Time: 00:04:30

Health: -1/35      AC:  2    Str: 13    XL:     5   Next: 71%
Magic:  0/9        EV: 12    Int: 16    God:
Gold:   119        SH:  0    Dex: 11    Spells: 4/10 levels left

rFire   . . .      SeeInvis +   (no weapon)
rCold   . . .      Faith    .   (no shield)
rNeg    . . .      Spirit   .   b - +0 robe
rPois   .          Reflect  .   (helmet unavailable)
rElec   .          Harm     .   (no cloak)
rCorr   .          Rampage  .   (no gloves)
Will    +....                   (no boots)
Stlth   ++........              (no amulet)
HPRegen 0.11/turn               c - ring of willpower
MPRegen 0.11/turn               (no ring)

@: no status effects
A: permanent stasis, dig shafts and tunnels, antennae 3, four strong arms
a: Dig, Shaft Self


You were on level 4 of the Dungeon.
You visited 1 branch of the dungeon, and saw 4 of its levels.

You collected 119 gold pieces.

Inventory:

Armour
 b - a +0 robe (worn)
Jewellery
 c - a ring of willpower (left hand)
Scrolls
 e - a scroll of identify {unknown}
Potions
 a - a potion of lignification {unknown}
 d - 2 potions of flight {unknown}
 f - a potion of brilliance {unknown}
 g - 2 potions of haste {unknown}
 i - a potion of mutation {unknown}
 j - a potion of berserk rage {unknown}


   Skills:
 - Level 1.7 Dodging
 - Level 2.4 Stealth
 + Level 3.2 Spellcasting
 * Level 2.1 Conjurations
 - Level 1.1 Transmutations
 * Level 5.6 Earth Magic


You had 4 spell levels left.
You knew the following spells:

 Your Spells              Type           Power      Damage    Failure   Level
a - Sandblast             Erth           40%        2d10      1%          1
b - Passwall              Tmut/Erth      10%        N/A       7%          2
c - Stone Arrow           Conj/Erth      30%        3d8       11%         3

Your spell library contained the following spells:

 Spells                   Type           Power      Damage    Failure   Level
 Static Discharge         Conj/Air       6%         N/A       19%         2
 Petrify                  Tmut/Erth      13%        N/A       41%         4
 Sticky Flame             Conj/Fire      6%         2d3       75%         4
 Airstrike                Air            1%         N/A       88%         4
 Dispel Undead            Necr           2%         3d7       88%         4
 Summon Lightning Spire   Summ/Air       2%         N/A       88%         4
 Lightning Bolt           Conj/Air       3%         1d14      97%         5


Dungeon Overview and Level Annotations

Branches:
Dungeon (3/15)

Altars:

Shops:
D:2 ?


Innate Abilities, Weirdness & Mutations

You cannot be hasted, slowed, berserked, paralysed or teleported.
You can dig through walls and to a lower floor.
You have a pair of large antennae on your head. (SInv)
Your four strong arms can wield two-handed weapons with a shield.


Message History

Unknown command.
Okay, then.
The orc priest looks braver for a moment.
Are you sure you want to shaft yourself?
The orc hits you but does no damage.
You begin to dig a shaft.
You continue digging a shaft.
The orc barely misses you.
The orc priest begins to cast a cantrip, but forgets the words!
A shaft appears beneath you!
You fall into a shaft and drop 2 floors!
The shaft crumbles and collapses.
Your magical contamination has completely faded away.
Found a hunting sling.
Unknown command.
Unknown command.
An orc is nearby!
Casting: Sandblast (safe; 1% risk of failure)
Confirm with . or Enter, or press ? or * to list all spells.
Aiming: Sandblast (safe; 1% risk of failure)
Press: ? - help, Shift-Dir - straight line, f - orc
Aim: an orc, wielding a +0 whip and wearing a +0 leather armour (81% to hit)
* * * LOW MAGIC WARNING * * *
The orc hits you with a +0 whip.
* * * LOW HITPOINT WARNING * * *
Unknown command.
You hit the orc but do no damage. The orc barely misses you.
Casting: Sandblast (safe; 1% risk of failure)
Confirm with . or Enter, or press ? or * to list all spells.
Aiming: Sandblast (safe; 1% risk of failure)
Press: ? - help, Shift-Dir - straight line, f - orc
Aim: an orc, wielding a +0 whip and wearing a +0 leather armour (81% to hit)
You now have no stones remaining.
* * * LOW MAGIC WARNING * * *
The orc hits you with a +0 whip.
* * * LOW HITPOINT WARNING * * *
Unknown command.
You closely miss the orc. The orc hits you with a +0 whip.
* * * LOW HITPOINT WARNING * * *
You barely miss the orc. The orc hits you with a +0 whip.
You die...

... #.. #.# #.#
##.##
########.#. #...
#.@........
#..######o##....
#.....o...# .
#.........#
............##
.....)..........
#.#####......###
# #......#
#####.##


You could see an orc.

Vanquished Creatures
  2 orc wizards (D:3)
  Robin (D:3)
  4 adders (D:2)
  2 dart slugs (D:2)
  2 orcs (D:3)
  2 endoplasms (D:1)
  A giant cockroach (D:1)
  8 hobgoblins
  4 jackals (D:1)
  3 quokkas (D:1)
  3 ball pythons
  2 bats (D:1)
  3 frilled lizards
  15 goblins
  5 kobolds
  5 rats
62 creatures vanquished.

Notes
Turn   | Place    | Note
-------+----------+-------------------------------------------
     0 | D:1      | lunkers the Formicid Earth Elementalist began the quest for
                  | the Orb.
     0 | D:1      | Reached XP level 1. HP: 13/13 MP: 3/3
   207 | D:1      | Reached skill level 4 in Earth Magic
   208 | D:1      | Reached XP level 2. HP: 19/19 MP: 1/5
   667 | D:1      | Reached XP level 3. HP: 24/24 MP: 2/6
   697 | D:1      | Learned a level 2 spell: Passwall
   701 | D:1      | Learned a level 3 spell: Stone Arrow
  1186 | D:2      | Reached skill level 1 in Conjurations
  1186 | D:2      | Reached skill level 5 in Earth Magic
  1186 | D:2      | Reached XP level 4. HP: 30/30 MP: 5/8
  1370 | D:2      | Found Rokode's Magic Scroll Shoppe.
  2437 | D:3      | Reached XP level 5. HP: 24/35 MP: 2/9
  2637 | D:3      | Noticed Robin
  2972 | D:3      | Killed Robin
  3093 | D:2      | You fall into a shaft and drop 2 floors!
  3108 | D:4      | Slain by an orc

Illustrated notes

Levels and vault maps discovered:
D:1:      sevenhm_arrival_forest_fort_small_4, layout_basic,
          chequers_serial_rivers_small_a
D:2:      cheibrodos_greedy_goblins, layout_basic, serial_shops, shop
D:3:      layout_loops_corners, nicolae_grassy_gnolls, uniq_sigmund, uniq_robin
D:4:      layout_basic, minmay_temple_entry_grid, uniq_eustachio

Skill      XL: |  1  2  3  4  5 |
---------------+----------------+-----
Earth Magic    | 4 5 |  5.6
Conjurations   | 1 2 |  2.1
Spellcasting   | 3 |  3.2
Dodging        | |  1.7
Stealth        | |  2.4
Transmutations | |  1.1

Action                   |  1- 3 |  4- 6 || total
-------------------------+-------+-------++-------
Melee: Unarmed           |       |     4 ||     4
 Cast: Sandblast         |    41 |    19 ||    60
       Stone Arrow       |       |    29 ||    29
 Abil: Shaft Self        |       |     1 ||     1
Armor: Robe              |     1 |     9 ||    10
Dodge: Dodged            |    15 |    25 ||    40

Table legend: (Time is in decaauts)
 A = Elapsed time spent in this place.
 B = Non-inter-level travel time spent in this place.
 C = Inter-level travel time spent in this place.
 D = Time resting spent in this place.
 E = Time spent auto-exploring this place.
 F = Levels seen in this place.
 G = Mean time per level.
                   A        B        C        D        E       F      G
               +--------+--------+--------+--------+--------+-----+--------+
         Total |   3120 |   3090 |     30 |    470 |   2093 |   4 |  780.0 |
       Dungeon |   3120 |   3090 |     30 |    470 |   2093 |   4 |  780.0 |
               +--------+--------+--------+--------+--------+-----+--------+

Top non-repeatable levels by time:
     D:2: 1890 daAuts
     D:1: 971 daAuts
     D:3: 242 daAuts
     D:4: 14 daAuts
